 Dungeon Crawl Stone Soup version 0.28.0 (webtiles) character file.

Game seed: 5115435618701500917

7028 fragbeetle the Cleaver (level 11, -1/82 HPs)
             Began as a Hill Orc Fighter on Feb 10, 2022.
             Was a Priest of Uskayaw.
             Slain by a seven-headed hydra (8 damage)
             ... on level 11 of the Dungeon.
             The game lasted 00:19:05 (12112 turns).

fragbeetle the Cleaver (Hill Orc Fighter)          Turns: 12112, Time: 00:19:06

Health: -1/82      AC: 24    Str: 22    XL:     11   Next: 8%
Magic:  0/13       EV:  5    Int:  8    God:    Uskayaw [***...]
Gold:   582        SH: 11    Dex: 12    Spells: 10/10 levels left

rFire   . . .      SeeInvis .   r - +1 whip (chaos)
rCold   + . .      Faith    .   x - +0 kite shield
rNeg    + . .      Spirit   +   y - +4 plate armour
rPois   .          Reflect  .   L - +0 helmet
rElec   .          Harm     .   I - +0 cloak
rCorr   .          Rampage  .   Q - +0 pair of gloves
Will    .....                   f - +0 pair of boots
Stlth   ..........              q - amulet of guardian spirit
HPRegen 0.23/turn               d - ring of protection from cold
MPRegen 0.13/turn               O - ring of positive energy

@: no status effects
A: no striking features
a: Renounce Religion, Stomp, Line Pass


You were on level 11 of the Dungeon.
You worshipped Uskayaw.
Uskayaw was noncommittal.
You visited 2 branches of the dungeon, and saw 12 of its levels.

You collected 654 gold pieces.
You spent 72 gold pieces at shops.

Inventory:

Hand Weapons
 a - a +0 war axe
 o - a +0 flail of holy wrath
 p - a +1 hand axe of electrocution
 r - a +1 whip of chaos (weapon)
 z - a +0 battleaxe
 G - a +0 broad axe
Missiles
 b - 2 boomerangs
 l - 74 sling bullets
 s - 12 poisoned darts (quivered)
 u - 2 curare-tipped darts
Armour
 f - a +0 pair of boots (worn)
 x - a +0 kite shield (worn)
 y - a +4 plate armour (worn)
 I - a +0 cloak (worn)
 L - a +0 helmet (worn)
 Q - a +0 pair of gloves (worn)
Jewellery
 d - a ring of protection from cold (left hand)
 j - a ring of ice
 m - a ring of fire
 q - an amulet of guardian spirit (around neck)
 O - a ring of positive energy (right hand)
Wands
 c - a wand of polymorph (15)
 A - a wand of iceblast (7)
 B - a wand of charming (4)
 D - a wand of digging (4)
Scrolls
 e - a scroll of identify
 h - 2 scrolls of summoning
 k - 2 scrolls of fog
 t - 3 scrolls of teleportation
 w - a scroll of immolation
 E - 2 scrolls of noise
 F - a scroll of enchant weapon
 H - a scroll of magic mapping
 N - a scroll of blinking
 R - a scroll of fear {unknown}
Potions
 g - 2 potions of brilliance
 i - 2 potions of flight
 n - a potion of mutation
 C - 2 potions of attraction
 P - 2 potions of cancellation
Miscellaneous
 J - a phantom mirror
 M - a tin of tremorstones (2/2)


   Skills:
 - Level 3.6 Fighting
 - Level 14.4 Axes
 - Level 10.0 Armour
 - Level 10.0 Shields
 + Level 2.9 Invocations
 + Level 2.1 Evocations


You had 10 spell levels left.
You didn't know any spells.
Your spell library contained the following spells:

 Spells                   Type           Power      Damage    Failure   Level
 Ensorcelled Hibernation  Hex/Ice        0%         N/A       100%        2
 Passwall                 Tmut/Erth      0%         N/A       100%        2
 Swiftness                Air            0%         N/A       100%        3
 Tukima's Dance           Hex            0%         N/A       100%        3
 Anguish                  Hex/Necr       0%         N/A       100%        4
 Enfeeble                 Hex            0%         N/A       100%        7


Dungeon Overview and Level Annotations

Branches:
Dungeon (11/15)            Temple (1/1) D:5            Lair (0/6) D:8
    Orc: D:9-12

Altars:
Ashenzari
Dithmenos
Elyvilon
Fedhas
Gozag
Hepliaklqana
Kikubaaqudgha
Makhleb
Nemelex Xobeh
Okawaru
Qazlal
Ru
Sif Muna
Trog
Uskayaw
Vehumet
Wu Jian
Xom
Yredelemnul
Zin
The Shining One
Lugonu

Shops:
D:1 ?   D:2 *

Annotations:
D:10 exclusion: statue


Message History

The seven-headed hydra bites you.
* * * LOW HITPOINT WARNING * * *
The seven-headed hydra bites you.
The seven-headed hydra bites you but does no damage.
You block the seven-headed hydra's attack.
The seven-headed hydra bites you!
* * * LOW HITPOINT WARNING * * *
Unknown command.
You hit the seven-headed hydra. You freeze the seven-headed hydra.
The seven-headed hydra is heavily wounded.
You block the seven-headed hydra's attack.
The seven-headed hydra bites you but does no damage.
You block the seven-headed hydra's attack.
The seven-headed hydra bites you but does no damage.
The seven-headed hydra bites you.
* * * LOW HITPOINT WARNING * * *
The seven-headed hydra bites you but does no damage.
The seven-headed hydra bites you.
* * * LOW HITPOINT WARNING * * *
Unknown command.
Okay, then.
You hit the seven-headed hydra.
The seven-headed hydra flickers and vanishes!
Deactivating autopickup; reactivate with Ctrl-A.
Your cyclops barely misses something.
Something bites you but does no damage. x3
Something bites you.
* * * LOW HITPOINT WARNING * * *
Something bites you but does no damage. x3
Unknown command.
You hit something.
Unknown command.
You whack something!
Nothing appears to happen.
You block something's attack.
Something bites you but does no damage. x5; Something bites you.
* * * LOW HITPOINT WARNING * * *
Your cyclops barely misses something.
Uskayaw will force your foes to helplessly watch your dance.
Uskayaw prepares the audience for your solo!
Unknown command.
You hit something. Something bites you!
You die...

### #@# #{#
#####C#
#.....#
#.....#####
#.........#
#.........#
#.........#
..
#.........#


You could see a friendly cyclops (summoned).

Vanquished Creatures
  2 two-headed ogres
  A cyclops (D:9)
  Maggie (D:6)
  Grinder (D:6)
  Sigmund (D:5)
  A wyvern (D:6)
  2 humans (D:10)
  A wraith (D:10)
  7 yaks (D:8)
  2 vampire mosquitoes (D:10)
  An acid dragon (D:10)
  A water moccasin (D:7)
  4 orc warriors
  2 black bears (D:6)
  2 sky beasts
  A hornet zombie (D:8)
  2 ogres
  A centaur (D:9)
  A phantom (D:5)
  A kobold brigand (D:8)
  5 bullfrogs
  A gnoll sergeant (D:8)
  A scorpion (D:7)
  A wyvern skeleton (D:7)
  A water moccasin skeleton (D:6)
  A bullfrog zombie (D:7)
  8 orc priests
  2 centaur skeletons
  2 gnoll shamans
  An iguana (D:5)
  11 orc wizards
  A hound skeleton (D:5)
  2 howler monkey zombies
  2 howler monkey skeletons
  16 gnolls
  9 adders
  A shadow imp (D:5)
  An ufetubus (D:5)
  An adder skeleton (D:4)
  2 worms
  5 dart slugs
  30 orcs
  6 ball pythons
  6 endoplasms
  A giant cockroach (D:1)
  7 goblins
  8 hobgoblins
  3 jackals (D:3)
  4 quokkas
  5 bats
  A frilled lizard (D:1)
  9 kobolds
  12 rats
201 creatures vanquished.

Vanquished Creatures (others)
  3 fungi (D:8)
  9 plants
12 creatures vanquished.

Grand Total: 213 creatures vanquished

Notes
Turn   | Place    | Note
-------+----------+-------------------------------------------
     0 | D:1      | fragbeetle the Hill Orc Fighter began the quest for the
                  | Orb.
     0 | D:1      | Reached XP level 1. HP: 19/19 MP: 1/1
    16 | D:1      | Reached skill level 3 in Axes
   346 | D:1      | Reached XP level 2. HP: 26/26 MP: 2/2
   470 | D:1      | Reached skill level 4 in Axes
   594 | D:1      | Found Ulonkul's Magic Scroll Shoppe.
   602 | D:1      | Bought a scroll of identify for 22 gold pieces
   604 | D:1      | Found a faded altar of an unknown god.
  1075 | D:2      | Reached XP level 3. HP: 31/31 MP: 3/3
  1470 | D:2      | Reached skill level 5 in Axes
  1523 | D:2      | Reached XP level 4. HP: 28/39 MP: 4/4
  1717 | D:2      | Found Tycum's General Store.
  1725 | D:2      | Bought a potion of degeneration for 10 gold pieces
  1725 | D:2      | Bought a scroll of identify for 20 gold pieces
  1725 | D:2      | Bought a scroll of identify for 20 gold pieces
  2011 | D:3      | Reached skill level 6 in Axes
  2770 | D:4      | Found a white marble altar of Elyvilon.
  2807 | D:4      | Reached XP level 5. HP: 42/45 MP: 5/5
  2864 | D:4      | Found a large runed translucent door.
  2864 | D:4      | Found a large runed translucent door.
  2878 | D:4      | Reached skill level 7 in Axes
  3490 | D:4      | Reached skill level 8 in Axes
  3495 | D:4      | Reached XP level 6. HP: 33/51 MP: 6/6
  3654 | D:4      | Found a blossoming altar of Fedhas.
  3887 | D:4      | Found a shimmering altar of Xom.
  4142 | D:5      | Entered Level 5 of the Dungeon
  4168 | D:5      | Reached skill level 9 in Axes
  4792 | D:5      | Reached XP level 7. HP: 51/57 MP: 7/7
  4940 | D:5      | Reached skill level 10 in Axes
  5047 | D:5      | Noticed Sigmund
  5144 | D:5      | Killed Sigmund
  5145 | D:5      | Reached skill level 11 in Axes
  5318 | D:5      | Found a staircase to the Ecumenical Temple.
  5318 | D:5      | Found a sparkling altar of Nemelex Xobeh.
  5318 | D:5      | Found a broken altar of Ashenzari.
  5320 | D:5      | Found a sacrificial altar of Ru.
  5321 | D:5      | Found a shadowy altar of Dithmenos.
  5323 | D:5      | Found an ancient bone altar of Kikubaaqudgha.
  5534 | Temple   | Entered the Ecumenical Temple
  5613 | D:6      | Reached XP level 8. HP: 64/64 MP: 8/8
  5630 | D:6      | Reached skill level 12 in Axes
  5894 | D:6      | Noticed Grinder
  5932 | D:6      | Noticed a purple ugly thing
  6211 | D:6      | Reached skill level 13 in Axes
  6224 | D:6      | Killed Grinder
  6446 | D:6      | You fall into a shaft and drop 1 floor!
  6464 | D:7      | Reached skill level 14 in Axes
  6720 | D:7      | Reached XP level 9. HP: 64/70 MP: 9/9
  6840 | D:7      | Found a hazy altar of Hepliaklqana.
  7383 | D:6      | Noticed Maggie
  7397 | D:6      | Killed Maggie
  7964 | D:7      | Found a shimmering blue altar of Sif Muna.
  8085 | D:7      | Found a bloodstained altar of Trog.
  8634 | D:8      | HP: 3/70 [yak (6)]
  8637 | D:8      | Reached XP level 10. HP: 3/77 MP: 1/10
  9007 | D:8      | Found a staircase to the Lair.
  9162 | D:8      | Reached skill level 10 in Shields
  9181 | D:8      | Reached skill level 5 in Armour
  9498 | D:8      | Noticed Maurice
  9505 | D:8      | Noticed Maurice
  9505 | D:8      | Maurice changed into Maurice the sky beast
  9522 | D:8      | Killed Maurice the sky beast
 10189 | D:9      | Noticed a two-headed ogre
 10205 | D:9      | Killed a two-headed ogre
 10476 | D:9      | Found a hide-covered altar of Uskayaw.
 10477 | D:9      | Noticed a +3 hand axe
 10478 | D:9      | Noticed a +0 hand axe
 10484 | D:9      | Became a worshipper of Uskayaw the Reveller
 10619 | D:9      | Noticed a cyclops
 10643 | D:9      | Reached * piety under Uskayaw
 10645 | D:9      | Killed a cyclops
 10645 | D:9      | Reached ** piety under Uskayaw
 10775 | D:10     | Entered Level 10 of the Dungeon
 10814 | D:10     | Found an iron altar of Okawaru.
 10825 | D:10     | Reached *** piety under Uskayaw
 11025 | D:10     | Found a radiant altar of Vehumet.
 11778 | D:10     | Reached XP level 11. HP: 73/82 MP: 9/11
 11786 | D:10     | Reached **** piety under Uskayaw
 11981 | D:11     | Noticed a two-headed ogre
 11988 | D:11     | Killed a two-headed ogre
 11989 | D:11     | Reached skill level 10 in Armour
 12086 | D:11     | Noticed a seven-headed hydra
 12112 | D:11     | Slain by a seven-headed hydra

Illustrated notes

Levels and vault maps discovered:
D:1:      minmay_arrival_glassed_features, layout_loops_cross, serial_shops,
          nicolae_square_shop, shapermc_ecumenical_altar_mp_highgroup,
          minmay_misc_feat_pillars, hangedman_decor_peaks_small
D:2:      layout_basic, serial_shops, nicolae_shop_trees
D:3:      layout_loops_cross, amcnicky_mini_corridor_feature
D:4:      due_chaos_kobolds, layout_loops_ring, mainiacjoe_overflow_alcove_4,
          old_standard_altar, serial_forest, infiniplex_forest_clump_tiny,
          infiniplex_forest_straight_2, infiniplex_forest_zigzag_1,
          infiniplex_forest_lined_3, infiniplex_forest_clump_tiny,
          infiniplex_forest_clump_curved, infiniplex_forest_clump_long,
          infiniplex_forest_corner_2, infiniplex_forest_clump_tiny
D:5:      layout_rooms, grunt_temple_overflow_open, minmay_temple_entry_statues,
          uniq_sigmund
D:6:      layout_rooms, uniq_maggie, uniq_grinder
D:7:      layout_basic, lemuel_tele_altar, mainiacjoe_overflow_catch_the_wave
D:8:      layout_basic, dpeg_oklobed_lair, uniq_maurice
D:9:      layout_small_grid, dancing_weapons_uskayaw, cheibriados_altar_1
D:10:     layout_long_grid, okawaru_humans, vehumet_statue,
          amcnicky_mini_pool_small, chequers_serial_rivers_room_a
D:11:     layout_gridville, gauntlet_entry_generic, grunt_decor_fettered
Temple:   corrupted_temple

Skill      XL: |  1  2  3  4  5  6  7  8  9 10 11 |
---------------+----------------------------------+-----
Axes           | 3 4 5 6 8 9 11 14 | 14.4
Shields        | 9 10 | 10.0
Armour         | 9 10 | 10.0
Invocations    | 2 |  2.9
Evocations     | 2 |  2.1
Fighting       | |  3.6

Action                   |  1- 3 |  4- 6 |  7- 9 | 10-12 || total
-------------------------+-------+-------+-------+-------++-------
Melee: War axe           |   100 |   119 |       |       ||   219
       Hand axe          |       |    54 |   266 |   209 ||   529
       Whip              |       |       |       |    10 ||    10
Throw: Dart              |       |     5 |       |     2 ||     7
Evoke: Wand              |       |       |       |     8 ||     8
  Use: Scroll            |     2 |     2 |     6 |     8 ||    18
       Potion            |       |       |     2 |     1 ||     3
 Stab: Paralysed         |       |       |       |     2 ||     2
Armor: Scale mail        |    52 |    51 |    45 |       ||   148
       Plate armour      |       |       |    30 |    96 ||   126
Dodge: Dodged            |    42 |    69 |    79 |    24 ||   214
Block: Buckler           |    23 |    49 |    41 |     2 ||   115
       Kite shield       |       |       |       |    69 ||    69
